 Seeded DCSS version 0.31-a0-175-g9f7f995f2b (webtiles) character file.

Game seed: 11697059700666758213 (custom seed)

28 innerfire43 the Ducker (level 3, 0/29 HPs)
             Began as a Demonspawn Monk on June 16, 2023.
             Was a Priest of Vehumet.
             Slain by Crazy Yiuf
             ... wielding a +4 quarterstaff of chaos
              (17 damage)
             ... on level 2 of the Dungeon.
             The game lasted 00:02:48 (1686 turns).

innerfire43 the Ducker (Demonspawn Monk)            Turns: 1686, Time: 00:02:49

Health: 0/29       AC:  2    Str: 15    XL:     3   Next: 0%
Magic:  12/12      EV: 13    Int: 13    God:    Vehumet [***...]
Gold:   91         SH:  4    Dex: 15    Spells: 2/2 levels left

rFire   . . .        a - +0 spear (elec)
rCold   + . .        d - orb {light}
rNeg    . . .        b - +0 robe
rPois   .            (no helmet)
rElec   .            (no cloak)
rCorr   +            (no gloves)
SInv    .            (no boots)
Will    .....        e - amulet of Vedwup {Acrobat rC+ rCorr Str+2 Int+2}
Stlth   +            h - ring of magical power
HPRegen 0.24/turn    (no ring)
MPRegen 0.13/turn

%: acrobat
@: glowing
A: large bone plates 1, foul stench 1
a: Renounce Religion


You were on level 2 of the Dungeon.
You worshipped Vehumet.
Vehumet was most pleased with you.
You visited 1 branch of the dungeon, and saw 2 of its levels.

You collected 91 gold pieces.

Inventory:

Hand Weapons
 a - a +0 spear of electrocution (weapon)
Armour
 b - a +0 robe (worn)
 d - an orb of light (worn)
Jewellery
 e - the amulet of Vedwup (around neck) {Acrobat rC+ rCorr Str+2 Int+2}
   (You acquired it on level 1 of the Dungeon)

   [amulet of the acrobat]

   It increases your evasion while moving and waiting.
   Str:       It affects your strength (+2).
   Int:       It affects your intelligence (+2).
   rC:        It protects you from cold.
   rCorr:     It protects you from acid and corrosion.
 h - a ring of magical power (left hand)
Scrolls
 f - a scroll of noise {unknown}
 i - 2 scrolls of identify
 l - a scroll of torment
Potions
 c - a potion of ambrosia
 k - a potion of enlightenment {unknown}


   Skills:
 + Level 3.2 Fighting
 + Level 3.0 Polearms
 * Level 3.3 Dodging


You had 2 spell levels left.
You didn't know any spells.
Your spell library was empty.

Dungeon Overview and Level Annotations

Branches:
Dungeon (2/15)

Altars:
Vehumet

Annotations:
D:2 Crazy Yiuf


Innate Abilities, Weirdness & Mutations

You are partially covered in large bone plates. (SH +4)
You may rarely emit foul miasma when damaged in melee.


Message History

It is a scroll of identify.
l - a scroll of torment
As you read the scroll labelled USTRAH GANUNI, it crumbles to dust.
It is a scroll of brand weapon.
Your +0 spear crackles with electricity.
a - a +0 spear of electrocution (weapon)
Your surroundings suddenly seem different.
Found a dagger.
You now have 88 gold pieces (gained 11).
Found a ring mail.
f - a scroll labelled CEP CADEXANTEE You open the door.
There is an open door here.
You now have 91 gold pieces (gained 3).
There is a stone staircase leading up here.
Found a stone staircase leading down.
No target in view!
You open the door.
There is an open door here.
You see here a +0 whip.
There is a stone staircase leading down here.
There is a shaft here.
Found a hammer.
Found a runed translucent door.
No target in view!
No target in view!
Crazy Yiuf shouts!
Crazy Yiuf laughs, "Ice!"
Crazy Yiuf laughs, "Liver!
Announcement song snail."
As you open the door, it creaks loudly!
Crazy Yiuf shouts!
As you open the door, it creaks loudly!
You hit Crazy Yiuf.
Crazy Yiuf is lightly wounded.
Crazy Yiuf hits you with a +4 quarterstaff of chaos!
Crazy Yiuf burns you.
You barely miss Crazy Yiuf.
Crazy Yiuf is lightly wounded.
Crazy Yiuf hits you with a +4 quarterstaff of chaos!
Ouch! That really hurt!
You die...

#......##........#
##......##.########
........##.#
.......##### #####
...........# #)..#
...........# #...#
.......^...# ...
...........# #g#
)..........# ♣@♣♣
#######....# ♣♣.♣
#....# ♣.♣♣ #....#
♣♣.♣ ###.## ♣♣.♣♣
#.## ♣♣...♣ #..#
♣....♣ ##.# #....#
#.####....#


You could see Crazy Yiuf.

Vanquished Creatures
  An endoplasm (D:2)
  A giant cockroach (D:1)
  2 goblins
  A hobgoblin (D:1)
  5 quokkas
  6 ball pythons
  2 bats
  2 frilled lizards (D:1)
  4 kobolds (D:1)
  A rat (D:1)
25 creatures vanquished.

Notes
Turn   | Place    | Note
-------+----------+-------------------------------------------
     0 | D:1      | innerfire43 the Demonspawn Monk began the quest for the
                  | Orb.
     0 | D:1      | Reached XP level 1. HP: 18/18 MP: 1/1
   115 | D:1      | Identified a scroll of acquirement
   115 | D:1      | Acquired the amulet of Vedwup {Acrobat rC+ rCorr Str+2
                  | Int+2}
   385 | D:1      | Gained mutation: You are partially covered in large bone
                  | plates. (SH +4) [demonic ancestry]
   385 | D:1      | Reached XP level 2. HP: 24/24 MP: 2/2
  1006 | D:2      | Found a faded altar of an unknown god.
  1024 | D:2      | Prayed at the altar of an unknown god.
  1024 | D:2      | Became a worshipper of Vehumet
  1024 | D:2      | Reached * piety under Vehumet
  1024 | D:2      | Offered knowledge of Kiss of Death by Vehumet.
  1024 | D:2      | Reached ** piety under Vehumet
  1145 | D:2      | Reached *** piety under Vehumet
  1150 | D:2      | Gained mutation: You may rarely emit foul miasma when
                  | damaged in melee. [demonic ancestry]
  1150 | D:2      | Reached XP level 3. HP: 20/29 MP: 3/3
  1607 | D:2      | Found a runed translucent door.
  1608 | D:2      | Noticed Crazy Yiuf
  1686 | D:2      | Slain by Crazy Yiuf

Illustrated notes

Levels and vault maps discovered:
D:1:      tarquinn_simple_flora_water_d, layout_basic, chequers_mini_garden,
          minmay_tiny_reverse_x
D:2:      layout_basic, ebering_ecumenical_altar_box, minmay_split_cup_large,
          uniq_crazy_yiuf_cottage

Skill      XL: |  1  2 |
---------------+-------+-----
Dodging        | 3 |  3.3
Polearms       | 3 |  3.0
Fighting       | |  3.2

Action                     || total
---------------------------++-------
  Melee: Spear             ||    79
    Use: Scroll            ||     6
 Armour: Robe              ||     6
  Dodge: Dodged            ||    32
  Block: Orb               ||     5

Table legend: (Time is in decaauts)
 A = Elapsed time spent in this place.
 B = Non-inter-level travel time spent in this place.
 C = Inter-level travel time spent in this place.
 D = Time resting spent in this place.
 E = Time spent auto-exploring this place.
 F = Levels seen in this place.
 G = Mean time per level.
                   A        B        C        D        E       F      G
               +--------+--------+--------+--------+--------+-----+--------+
         Total |   1681 |   1639 |     42 |      0 |   1438 |   2 |  840.5 |
       Dungeon |   1681 |   1639 |     42 |      0 |   1438 |   2 |  840.5 |
               +--------+--------+--------+--------+--------+-----+--------+

Top non-repeatable levels by time:
     D:1: 922 daAuts
     D:2: 758 daAuts
